 Dungeon Sprint DCSS version 0.22.1-1-ga44c0e56f4 (webtiles) character file.

4492 MuseOD the Devastator (level 10, -8/81 HPs)
             Began as a Green Draconian Conjurer on Oct 4, 2018.
             Was a High Priest of Sif Muna.
             Mangled by a komodo dragon (31 damage)
             ... in the Dungeon (Sprint V: "Ziggurat Sprint").
             The game lasted 00:06:00 (1303 turns).

MuseOD the Devastator (Green Draconian Conjurer)    Turns: 1303, Time: 00:06:01

Health: -8/81      AC:  7    Str: 11    XL:     10   Next: 16%
Magic:  1/22       EV: 17    Int: 25    God:    Sif Muna [*****.]
Gold:   0          SH:  0    Dex: 17    Spells: 5/26 levels left

rFire    . . .     SeeInvis .   C - +5 rapier
rCold    . . .     Gourm    .   (no shield)
rNeg     . . .     Faith    .   (armour unavailable)
rPois    +         Spirit   .   (helmet restricted)
rElec    .         Reflect  .   (no cloak)
rCorr    .         Harm     .   (no gloves)
MR       .....     NoTele   +   (no boots)
Stlth    ++++......             (no amulet)
HPRegen  0.23/turn              y - +6 ring of intelligence
MPRegen  0.18/turn              w - +6 ring of dexterity

@: very slightly contaminated, divine energy
A: breathe noxious fumes, unfitting armour, poison resistance, cold-blooded, AC
+7
a: Breathe Noxious Fumes, Stop Divine Energy, Channel Magic, Forget Spell,
Renounce Religion


You were in the Dungeon.
You worshipped Sif Muna.
Sif Muna was extremely pleased with you.
You were very hungry.

You visited 1 branch

Inventory:

Hand Weapons
 C - a +5 rapier (weapon)
Jewellery
 k - a +5 ring of slaying
 w - a +6 ring of dexterity (right hand)
 y - a +6 ring of intelligence (left hand)
Wands
 t - a wand of disintegration (7)
 u - a wand of iceblast (7)
 v - a wand of acid (5)
Scrolls
 h - 4 scrolls of blinking
 n - 4 scrolls of amnesia
 o - 7 scrolls of fog
 p - a scroll of holy word
 q - 5 scrolls of identify
 r - 5 scrolls of remove curse
 s - 2 scrolls of fear
Potions
 a - 2 potions of brilliance
 c - 10 potions of curing
 d - 10 potions of heal wounds
 e - 6 potions of haste
 f - 6 potions of magic
 g - a potion of berserk rage
 i - a potion of invisibility
 j - 4 potions of resistance
 l - 5 potions of agility
 m - 5 potions of might
Comestibles
 b - 7 rations


   Skills:
 + Level 5.4 Fighting
 + Level 6.9 Short Blades
 + Level 7.3 Dodging
 + Level 6.8 Stealth
 * Level 8.7 Spellcasting
 * Level 16.4 Conjurations
 + Level 6.2 Invocations
 - Level 2.7 Evocations


You had 5 spell levels left.
You knew the following spells:

 Your Spells              Type           Power        Failure   Level  Hunger
a - Magic Dart            Conj           ####         0%          1    None
b - Searing Ray           Conj           ######       0%          2    None
c - Dazzling Spray        Conj/Hex       ######       1%          3    None
d - Iskenderun's Mystic   Conj           #######.     1%          4    ##.....
e - Poison Arrow          Conj/Pois      ######....   30%         6    ######.
f - Lightning Bolt        Conj/Air       ######....   5%          5    ####...

Your spell library contained the following spells:

 Spells                   Type           Power        Failure   Level  Hunger
 Shock                    Conj/Air       ####         1%          1    None
 Sting                    Conj/Pois      ####         1%          1    None
 Throw Flame              Conj/Fire      ######       1%          2    None
 Throw Frost              Conj/Ice       ######       1%          2    None
 Static Discharge         Conj/Air       ######..     1%          3    None
 Force Lance              Conj/Tloc      ######..     1%          4    ##.....
 Fulminant Prism          Conj/Hex       ######....   1%          4    ##.....
 Sticky Flame             Conj/Fire      ######..     1%          4    ##.....
 Poisonous Vapours        Pois/Air       ##....       9%          2    None
 Swiftness                Chrm/Air       ##......     9%          2    None
 Portal Projectile        Hex/Tloc       ##....       17%         3    None
 Spider Form              Tmut/Pois      ##........   17%         3    None
 Summon Guardian Golem    Hex/Summ       ##......     17%         3    None
 Airstrike                Air            ##........   50%         4    ##.....
 Blade Hands              Tmut           ##........   83%         5    ####...
 Metabolic Englaciation   Hex/Ice        ##........   83%         5    ####...
 Yara's Violent Unravell  Hex/Tmut       ##........   83%         5    ####...
 Bolt of Cold             Conj/Ice       ######....   30%         6    ######.
 Bolt of Fire             Conj/Fire      ######....   30%         6    ######.
 Spellforged Servitor     Conj/Summ      ######....   86%         7    #######
 Summon Greater Demon     Summ           ##........   100%        7    #######
 Discord                  Hex            ##........   100%        8    #######


Dungeon Overview and Level Annotations

Branches:
Dungeon (1/1)

Altars:
Ashenzari
Cheibriados
Dithmenos
Elyvilon
Fedhas
Gozag
Hepliaklqana
Kikubaaqudgha
Makhleb
Nemelex Xobeh
Okawaru
Qazlal
Ru
Sif Muna
Trog
Uskayaw
Vehumet
Wu Jian
Xom
Yredelemnul
Zin
The Shining One
Beogh
Jiyva
Lugonu


Innate Abilities, Weirdness & Mutations

You can breathe blasts of noxious fumes.
Your lurid green scales are hard. (AC +7)
You cannot fit into any form of body armour.
Your system is resistant to poisons. (rPois)
You are cold-blooded and may be slowed by cold attacks.


Message History

The komodo dragon is severely wounded.
The bolt of acid hits the iguana.
The iguana is splashed with acid.
You kill the iguana!
Sif Muna accepts your kill. The komodo dragon closely misses you.
The komodo dragon bites you!
You barely miss the komodo dragon.
The komodo dragon is severely wounded.
The komodo dragon bites you!!
* * * LOW HITPOINT WARNING * * *
The komodo dragon misses you.
Unknown command.
Evoke which item? (* to show all) (? for menu, Esc to quit)
Aiming: Corrosive Bolt
Press: ? - help, Shift-Dir - straight line The bolt of acid hits the komodo dragon.
The komodo dragon is splashed with acid.
You kill the komodo dragon!
Sif Muna accepts your kill. The komodo dragon bites you!!
You die...

▓..}??..▓
▓..}}=..▓
▓.......▓
▓.......▓
▓...†...▓
▓.......▓
▓.l†....▓
▓@††©...▓
▓▓▓▓▓▓▓▓▓


You could see a komodo dragon.

Vanquished Creatures
  A deep elf elementalist (D)
  A hydra (D)
  A deep elf mage (D)
  2 cyclopes (D)
  An apocalypse crab (D)
  An ice devil (D)
  A komodo dragon (D)
  Sigmund (D)
  A hell hound (D)
  2 ogres (D)
  A crocodile (D)
  Blork the orc (D)
  A bullfrog (D)
  3 crimson imps (D)
  4 iron imps (D)
  A quasit (D)
  Jessica (D)
  An iguana (D)
  An ufetubus (D)
  An adder zombie (D)
  A bat zombie (D)
28 creatures vanquished.

Notes
Turn   | Place    | Note
-------+----------+-------------------------------------------
     0 | D        | Found the +6 Majin-Bo {vamp, Archmagi MP+6 Int+6}
     0 | D        | Found the +7 great mace "Firestarter" {inner flame, rF++}
     0 | D        | MuseOD the Draconian Conjurer began the quest for the Orb.
     0 | D        | Reached XP level 1. HP: 14/14 MP: 3/3
     0 | D        | Found a deep blue altar of Sif Muna.
     0 | D        | Found a bloodstained altar of Trog.
     0 | D        | Found a sacrificial altar of Ru.
     0 | D        | Found a stormy altar of Qazlal.
     0 | D        | Found an iron altar of Okawaru.
     1 | D        | Found a sparkling altar of Nemelex Xobeh.
     1 | D        | Found a blossoming altar of Fedhas.
     1 | D        | Banished a spatial maelstrom
     3 | D        | Found a transporter.
     3 | D        | Found an ancient bone altar of Kikubaaqudgha.
     3 | D        | Found a viscous altar of Jiyva.
     3 | D        | Found a corrupted altar of Lugonu.
     3 | D        | Found a hazy altar of Hepliaklqana.
     3 | D        | Found a burning altar of Makhleb.
     3 | D        | Found an opulent altar of Gozag.
    23 | D        | Became a worshipper of Sif Muna the Loreminder
    52 | D        | Reached skill level 5 in Conjurations
    52 | D        | Reached XP level 2. HP: 20/20 MP: 4/6
    56 | D        | Learned a level 2 spell: Searing Ray
    79 | D        | Entered arena 2.
    79 | D        | Noticed a deep elf mage
    79 | D        | Noticed a deep elf elementalist
    79 | D        | Found a transporter.
    87 | D        | Killed a deep elf elementalist
    87 | D        | Reached * piety under Sif Muna
    87 | D        | Reached ** piety under Sif Muna
    87 | D        | Reached *** piety under Sif Muna
    87 | D        | Reached **** piety under Sif Muna
    87 | D        | Reached ***** piety under Sif Muna
    87 | D        | Identified Mecoz's Grimoire of Bewitching Toxins (Sif Muna
                  | gifted it to you in the Dungeon)
    87 | D        | Received a gift from Sif Muna
    87 | D        | Reached skill level 5 in Dodging
    87 | D        | Reached skill level 5 in Spellcasting
    87 | D        | Reached skill level 14 in Conjurations
    87 | D        | Reached XP level 3. HP: 21/26 MP: 6/9
    87 | D        | Reached XP level 4. HP: 26/33 MP: 7/11
    87 | D        | Reached XP level 5. HP: 30/38 MP: 7/12
    87 | D        | Reached XP level 6. HP: 36/45 MP: 8/14
    87 | D        | Your scales start taking on a lurid green colour.
    87 | D        | Reached XP level 7. HP: 40/50 MP: 8/15
    87 | D        | Gained mutation: Your system is resistant to poisons.
                  | (rPois) [Green Draconian growth]
    87 | D        | Reached XP level 8. HP: 45/57 MP: 8/16
    91 | D        | Killed a deep elf mage
    91 | D        | Reached skill level 15 in Conjurations
   242 | D        | Learned a level 3 spell: Dazzling Spray
   247 | D        | Learned a level 4 spell: Iskenderun's Mystic Blast
   254 | D        | Learned a level 6 spell: Poison Arrow
   358 | D        | Entered arena 3.
   358 | D        | Noticed Sigmund
   358 | D        | Noticed Jessica
   358 | D        | Noticed Blork the orc
   358 | D        | Found a transporter.
   360 | D        | Killed Blork the orc
   360 | D        | Reached skill level 1 in Fighting
   361 | D        | Killed Jessica
   362 | D        | Killed Sigmund
   573 | D        | Entered arena 4.
   573 | D        | Noticed an apocalypse crab
   573 | D        | Found a transporter.
   577 | D        | Killed an apocalypse crab
   577 | D        | Reached skill level 5 in Short Blades
   577 | D        | Reached skill level 5 in Stealth
   577 | D        | Reached XP level 9. HP: 68/68 MP: 1/18
   856 | D        | Learned a level 5 spell: Lightning Bolt
   857 | D        | Entered arena 5.
   857 | D        | Noticed a cyclops
   857 | D        | Noticed a cyclops
   857 | D        | Found a transporter.
   868 | D        | Identified Sif Muna's Tome of the Flamy Entourage (Sif Muna
                  | gifted it to you in the Dungeon)
   868 | D        | Received a gift from Sif Muna
   870 | D        | Killed a cyclops
   874 | D        | Killed a cyclops
   874 | D        | Reached skill level 5 in Invocations
   977 | D        | Got the Reference Book on the Cankerous Blaze
   992 | D        | Entered arena 6.
   992 | D        | Found a transporter.
  1089 | D        | Entered arena 7.
  1089 | D        | Noticed an ice devil
  1092 | D        | Reached skill level 16 in Conjurations
  1104 | D        | Killed an ice devil
  1105 | D        | Found a transporter.
  1290 | D        | Entered arena 8.
  1290 | D        | Noticed a komodo dragon
  1290 | D        | Noticed a komodo dragon
  1290 | D        | Noticed a seven-headed hydra
  1294 | D        | Identified Qupuhes's Volume of Battle Magic and
                  | Transformation (Sif Muna gifted it to you in the Dungeon)
  1294 | D        | Received a gift from Sif Muna
  1295 | D        | Killed a seven-headed hydra
  1295 | D        | Reached skill level 5 in Fighting
  1295 | D        | Reached XP level 10. HP: 81/81 MP: 0/22
  1303 | D        | Mangled by a komodo dragon

Skill      XL: |  1  2  3  4  5  6  7  8  9 |
---------------+----------------------------+-----
Short Blades   | 2 3 5 6 |  6.9
Dodging        | 3 5 6 7 |  7.3
Spellcasting   | 3 5 6 8 |  8.7
Conjurations   | 5 14 15 16 | 16.4
Invocations    | 3 4 6 |  6.2
Evocations     | 2 |  2.7
Stealth        | 4 5 6 |  6.8
Fighting       | 2 5 |  5.4

Action                   |  1- 3 |  4- 6 |  7- 9 | 10-12 || total
-------------------------+-------+-------+-------+-------++-------
Melee: Rapier            |     6 |       |    24 |     2 ||    32
       Tailslap          |       |       |     6 |       ||     6
 Cast: Iskenderun's Myst |       |       |    23 |     1 ||    24
       Magic Dart        |       |       |     2 |       ||     2
Invok: Divine Energy     |       |       |     1 |       ||     1
Evoke: Wand              |       |       |       |     2 ||     2
  Use: Potion            |     2 |       |     3 |       ||     5
 Stab: Invisible         |       |       |     3 |       ||     3
  Eat: Chunk             |       |       |     2 |       ||     2
Armor: Skin              |       |       |     2 |     2 ||     4
Dodge: Dodged            |     4 |       |    15 |     4 ||    23
